 Dungeon Crawl Stone Soup version 0.31.0-1-g2c135a0 (webtiles) character file.

Game seed: 4003628352586258556

35 jagoly the Trooper (level 3, -1/24 HPs)
             Began as a Gargoyle Monk on Jan 27, 2024.
             Slain by a gnoll
             ... wielding a +0 flail
              (9 damage)
             ... on level 2 of the Dungeon.
             The game lasted 00:01:24 (188 turns).

jagoly the Trooper (Gargoyle Monk)                   Turns: 188, Time: 00:01:24

Health: -1/24      AC:  5    Str: 16    XL:     3   Next: 33%
Magic:  3/3        EV: 12    Int: 10    God:
Gold:   15         SH:  0    Dex: 12    Spells: 2/2 levels left

rFire   . . .        a - +0 hand axe
rCold   . . .        d - orb {light}
rNeg    + . .        b - +0 robe
rPois   ∞            (no helmet)
rElec   +            (no cloak)
rCorr   .            (no gloves)
SInv    .            (no boots)
Will    .....        (no amulet)
Stlth   +            (no ring)
HPRegen 0.24/turn    (no ring)
MPRegen 0.08/turn

%: no passive effects
@: glowing
A: sickness immunity, AC +3, negative energy resistance 1, electricity
resistance, torment resistance 1, petrification resistance
a: no special abilities


You were on level 2 of the Dungeon.
You visited 1 branch of the dungeon, and saw 2 of its levels.

You collected 15 gold pieces.

Inventory:

Hand Weapons
 a - a +0 hand axe (weapon)
Missiles
 j - 6 stones (quivered)
Armour
 b - a +0 robe (worn)
 d - an orb of light (worn)
Jewellery
 i - a +6 ring of intelligence
Scrolls
 f - a scroll of identify {unknown}
 h - a scroll of brand weapon {unknown}
Potions
 c - a potion of ambrosia
 e - 2 potions of lignification {unknown}
 g - a potion of curing {unknown}


   Skills:
 + Level 3.8 Fighting
 + Level 3.1 Axes
 - Level 2.4 Dodging
 + Level 1.8 Stealth


You had 2 spell levels left.
You didn't know any spells.
Your spell library was empty.

Dungeon Overview and Level Annotations

Branches:
Dungeon (2/15) Zot: 11804

Altars:


Innate Abilities, Weirdness & Mutations

You are immune to sickness and miasma.
Your stone body is resilient. (AC +3)
You are immune to poison.
You resist negative energy. (rN+)
You are resistant to electric shocks. (rElec)
You are resistant to unholy torment.
You are immune to petrification.


Message History

Welcome, jagoly the Gargoyle Monk.
Below lies the Orb of Zot, rumoured to be powerful enough to resurrect a god...
Press ? for a list of commands and other information.
Found 4 gold pieces.
Found a staircase leading out of the dungeon.
A goblin comes into view. It is wielding a +0 dagger.
The goblin shouts!
You see here 4 gold pieces.
A goblin is nearby!
You now have 4 gold pieces.
A goblin is nearby!
You hit the goblin.
You kill the goblin!
Things that are here:
a +0 dagger; a goblin corpse
Found a blue potion.
Found a scroll labelled YNUJ NUOVIZ.
Found a green potion.
e - a blue potion
f - a scroll labelled YNUJ NUOVIZ
g - a green potion A ball python comes into view.
The ball python hisses angrily.
A ball python is nearby!
You slash the ball python!
You kill the ball python!
No target in view!
No target in view!
You see here a ball python corpse.
Found a scroll labelled BOV GIHAMI AHI.
h - a scroll labelled BOV GIHAMI AHI 2 jackals come into view.
The jackal barks! x2
A jackal comes into view.
The jackal moves out of view.
The jackal barks!
You hit the jackal.
The jackal is almost dead.
The jackal bites you but does no damage.
You hit the jackal.
You kill the jackal!
You hit the jackal but do no damage.
The jackal bites you but does no damage.
You hit the jackal but do no damage.
The jackal bites you but does no damage.
You hit the jackal.
The jackal is severely wounded.
The jackal closely misses you.
You hit the jackal.
You kill the jackal!
You hit the jackal but do no damage. The jackal misses you.
The jackal bites you but does no damage.
You hit the jackal.
The jackal is moderately wounded.
The jackal closely misses you.
You completely miss the jackal.
The jackal is moderately wounded.
The jackal closely misses you. The jackal barely misses you.
You barely miss the jackal.
The jackal is moderately wounded.
The jackal closely misses you. x2
You hit the jackal.
You kill the jackal!
No target in view!
No target in view!
You see here a jackal corpse.
Found a scratched bronze ring.
An endoplasm comes into view.
You see here a +6 ring of intelligence.
i - a +6 ring of intelligence The endoplasm freezes you.
You are frozen.
You hit the endoplasm.
You kill the endoplasm!
Your Stealth skill increases to level 1!
You have reached level 2!
HP restored.
A goblin and a ball python come into view.
The goblin shouts!
The ball python hisses angrily.
You hit the ball python but do no damage.
You hit the goblin. The ball python bites you. The ball python grabs you.
The ball python constricts you. The goblin hits you with a +0 dagger.
You hit the ball python.
The ball python is moderately wounded.
You hit the goblin.
The ball python bites you but does no damage.
The ball python constricts you. The goblin barely misses you.
The ball python barely misses you. The ball python constricts you.
You hit the ball python.
The ball python is heavily wounded.
You hit the goblin.
You kill the goblin!
The ball python completely misses you. The ball python constricts you.
You hit the ball python.
You kill the ball python!
No target in view!
No target in view!
You see here a ball python corpse.
Found a stone staircase leading down.
HP restored.
Found 11 gold pieces.
You now have 15 gold pieces (gained 11).
There is a stone staircase leading down here.
You climb downwards.
The kobold shouts!
The rat squeaks loudly.
You hear a shout!
There is a stone staircase leading up here.
You hit the kobold.
The kobold is moderately wounded.
The kobold closely misses you.
You hit the kobold.
You kill the kobold!
A ball python comes into view.
You completely miss the bat.
The ball python hisses angrily.
You hear an angry hiss.
The bat closely misses you.
An adder comes into view.
The bat hits you but does no damage.
A goblin comes into view. It is wielding a +0 dagger.
You hit the bat.
You kill the bat!
The rat twitches its whiskers.
You hit the goblin.
The goblin is heavily wounded.
The goblin misses you.
You slash the goblin!
You kill the goblin!
The rat bites you but does no damage.
You hit the rat.
You kill the rat!
You slash the adder!
The adder is heavily wounded.
The adder bites you but does no damage.
You closely miss the adder.
The adder is heavily wounded.
The adder barely misses you. The adder bites you.
You hit the adder.
The adder is severely wounded.
You barely miss the ball python. The ball python barely misses you.
The ball python grabs you. The ball python constricts you.
The adder barely misses you.
You slash the ball python!
You kill the ball python!
You closely miss the adder. The adder misses you. The adder barely misses you.
You closely miss the adder.
The adder is severely wounded.
The adder bites you but does no damage.
You hit the adder.
The adder is almost dead.
The adder misses you.
An adder comes into view.
The adder bites you but does no damage.
You barely miss the adder.
The adder is almost dead.
The adder hisses angrily.
The adder bites you but does no damage.
You barely miss the adder.
The adder is almost dead.
You hit the adder. The adder bites you but does no damage. The adder bites you.
The adder bites you but does no damage.
You hit the adder.
The adder is almost dead.
You hit the adder. The adder bites you but does no damage. The adder bites you.
The adder completely misses you.
You closely miss the adder.
The adder is almost dead.
You hit the adder.
You kill the adder!
The adder closely misses you.
Your Axes skill increases to level 3!
You have reached level 3!
Your experience leads to an increase in your attributes!
Increase (S)trength, (I)ntelligence, or (D)exterity?
You feel stronger. x2
You closely miss the adder.
The adder is almost dead.
The adder barely misses you. The adder closely misses you.
You hit the adder.
You kill the adder!
No target in view!
No target in view!
Press: ? - help, v - describe, . - travel, g - get item
Items here: a +0 club; a stone; a kobold corpse.
The floor.
This square is lit by a halo.
Found a blue potion.
Things that are here:
a +0 club; a stone; a kobold corpse
j - a stone
Found 8 stones.
An endoplasm comes into view.
The endoplasm quivers.
You see here a blue potion.
e - 2 blue potions (gained 1)
You hit the endoplasm.
The endoplasm is lightly wounded.
The endoplasm misses you.
You hit the endoplasm.
The endoplasm is almost dead.
The endoplasm closely misses you.
You hit the endoplasm but do no damage.
The endoplasm is almost dead.
The endoplasm completely misses you.
You hit the endoplasm.
You kill the endoplasm!
No target in view!
j - 9 stones (gained 8)
Found a scroll labelled XIECAU KAMOOTIHO. 3 gnolls come into view.
A gnoll is wielding a +0 flail and quivering a throwing net.
The gnoll shouts! x3
A goblin comes into view. It is wielding a +0 dagger.
The goblin shouts!
Things that are here:
a +0 dagger; a goblin corpse
There is a stone staircase leading up here.
Throw: 9 stones
Press: ? - help, Q - select action Shift-Dir - straight line, f - gnoll
Aim: a gnoll, wielding a +0 whip (58% to hit)
You throw a stone. The stone hits the gnoll.
The gnoll is lightly wounded.
Throw: 8 stones
Press: ? - help, Q - select action Shift-Dir - straight line, f/p - gnoll
Aim: a gnoll, wielding a +0 whip (lightly wounded, haloed, 80% to hit)
You throw a stone. The stone barely misses the gnoll.
Throw: 7 stones
Press: ? - help, Q - select action Shift-Dir - straight line, f/p - gnoll
Aim: a gnoll, wielding a +0 whip (lightly wounded, haloed, 80% to hit)
You throw a stone.
The stone hits the gnoll but does no damage.
The gnoll is lightly wounded.
The gnoll closely misses you.
The gnoll throws a throwing net.
The throwing net hits you.
You become entangled in the net!
You stop ascending the stairs.
You struggle against the net.
The gnoll hits you with a +0 whip!
You struggle against the net.
The goblin hits you but does no damage. The gnoll hits you with a +0 whip!
* * * LOW HITPOINT WARNING * * *
You struggle against the net.
The goblin barely misses you. The gnoll hits you but does no damage.
You rip the net and break free!
The goblin hits you with a +0 dagger.
* * * LOW HITPOINT WARNING * * *
The gnoll barely misses you. The gnoll hits you with a +0 flail!
You die...

## #. ## #. #.###. .. .
########.#.. #. ..
.....#......# ...#
............@##.#..#
#............ggg#...#
#...........g.....####
#...............#.....
#......................
#?..............#......
#.....................
#.....#.....##.......
##.....##.###.......


You could see 3 gnolls and a goblin.

Vanquished Creatures
  2 adders (D:2)
  2 endoplasms
  3 goblins
  3 jackals (D:1)
  3 ball pythons
  A bat (D:2)
  A kobold (D:2)
  A rat (D:2)
16 creatures vanquished.

Notes
Turn   | Place    | Note
-------+----------+-------------------------------------------
     0 | D:1      | jagoly the Gargoyle Monk began the quest for the Orb.
     0 | D:1      | Reached XP level 1. HP: 14/14 MP: 1/1
    79 | D:1      | Reached skill level 1 in Stealth
    79 | D:1      | Reached XP level 2. HP: 18/19 MP: 2/2
   149 | D:2      | Reached XP level 3. HP: 17/24 MP: 3/3
   188 | D:2      | Slain by a gnoll

Illustrated notes

Levels and vault maps discovered:
D:1:      mrwooster_arrival_statue_2, layout_loops_ring
D:2:      layout_rooms

Skill      XL: |  1  2 |
---------------+-------+-----
Stealth        | 1 |  1.8
Axes           | 3 |  3.1
Fighting       | |  3.8
Dodging        | |  2.4

Action                     || total
---------------------------++-------
  Melee: Hand axe          ||    41
  Throw: Stone             ||     3
 Armour: Robe              ||    25
  Dodge: Dodged            ||    29
